 Dungeon Crawl Stone Soup version 0.26.1-2-gb8aa6d0cf2 (webtiles) character file.

Game seed: 3939433532051632852

163 Gadfly the Sneak (level 5, -6/28 HPs)
             Began as a Vampire Enchanter on Feb 20, 2021.
             Killed from afar by Sigmund (10 damage)
             ... with a puff of flame
             ... on level 4 of the Dungeon.
             The game lasted 00:03:48 (1969 turns).

Gadfly the Sneak (Vampire Enchanter)                Turns: 1969, Time: 00:03:50

Health: -6/28      AC:  2    Str:  7    XL:     5   Next: 20%
Magic:  5/9        EV: 13    Int: 18    God:
Gold:   86         SH:  0    Dex: 15    Spells: 3/9 levels left

rFire    x . .     SeeInvis +   a - +2 dagger
rCold    + + +     Faith    .   (no shield)
rNeg     + + +     Spirit   .   b - +0 robe
rPois    ∞         Reflect  .   (no helmet)
rElec    .         Harm     .   (no cloak)
rCorr    .         Rampage  .   (no gloves)
Will     .....                  (no boots)
Stlth    +++++.....             m - amulet of magic regeneration
HPRegen  0.00/turn              l - ring of ice
MPRegen  0.36/turn              (no ring)

@: mighty, very slightly contaminated, bloodless, hasted, very quick
A: fangs 3, see invisible, unbreathing
a: Bat Form, Revivify


You were on level 4 of the Dungeon.
You visited 1 branch of the dungeon, and saw 3 of its levels.

You collected 86 gold pieces.

Inventory:

Hand Weapons
 a - a +2 dagger (weapon)
Armour
 b - a +0 robe (worn)
Jewellery
 l - a ring of ice (left hand)
 m - an amulet of magic regeneration (around neck)
Scrolls
 i - a scroll of amnesia
 j - a scroll of identify
Potions
 c - a potion of mutation
 e - a potion of heal wounds
 h - a potion of haste
 k - a potion of brilliance {unknown}


   Skills:
 + Level 0.7 Fighting
 + Level 1.6 Short Blades
 * Level 3.2 Dodging
 * Level 6.0 Stealth
 * Level 2.8 Spellcasting
 * Level 5.5 Hexes


You had 3 spell levels left.
You knew the following spells:

 Your Spells              Type           Power        Failure   Level
a - Corona                Hex            24%          1%          1
b - Ensorcelled Hibernat  Hex/Ice        36%          9%          2
c - Confusing Touch       Hex            22%          5%          3

Your spell library contained the following spells:

 Spells                   Type           Power        Failure   Level
 Tukima's Dance           Hex            22%          5%          3
 Dazzling Flash           Conj/Hex       24%          16%         3


Dungeon Overview and Level Annotations

Branches:
Dungeon (2/15)

Altars:

Annotations:
D:4 Eustachio, Sigmund


Innate Abilities, Weirdness & Mutations

You do not regenerate when monsters are visible.
You are frail without blood (-20% HP).
You can heal yourself when you bite living creatures.
You are immune to poison.
You have razor-sharp teeth.
You have supernaturally acute eyesight. (SInv)
You can survive without breathing.


Message History

* * * LOW HITPOINT WARNING * * *
The white imp freezes you. You resist. Sigmund closely misses you.
Casting: Ensorcelled Hibernation (safe; 9% risk of failure)
Confirm with . or Enter, or press ? or * to list all spells.
Aiming: Ensorcelled Hibernation (safe; 9% risk of failure)
Press: ? - help, Shift-Dir - straight line, f - Sigmund, p - Eustachio
Aim: Sigmund, wielding a +0 scythe and wearing a +2 robe of fire resistance (chance to affect: 57%)
You feel a surge of power!
You miscast Ensorcelled Hibernation.
You are very lightly contaminated with residual magic.
Nothing appears to happen.
The ufetubus barely misses you. The ufetubus completely misses you.
You barely miss Sigmund. You bite Sigmund!
You draw Sigmund's blood!
You feel better.
Sigmund is moderately wounded.
The ufetubus closely misses you. The ufetubus hits you.
* * * LOW HITPOINT WARNING * * *
Sigmund gestures at you while chanting. The puff of flame hits you!
The fire burns you terribly!
You die...

###...............#
......§...........######
.......................#
....##..@..............#
....##.................#
....##............)....#
....##......###.@......#
....##>.....# #..@.....#
....##......# #.@55....#
######......# #..5.....#
######## #........#
#........# ##########


You could see Eustachio, Sigmund, 2 white imps and an ufetubus (summoned).

Vanquished Creatures
  An ogre (D:4)
  A hound (D:4)
  An adder (D:2)
  An ooze (D:1)
  2 dart slugs
  A leopard gecko (D:1)
  4 bats (D:1)
  8 goblins
  6 hobgoblins
  3 kobolds (D:1)
  2 ball pythons (D:1)
  A frilled lizard (D:1)
  3 rats (D:1)
34 creatures vanquished.

Notes
Turn   | Place    | Note
-------+----------+-------------------------------------------
     0 | D:1      | Gadfly the Vampire Enchanter began the quest for the Orb.
     0 | D:1      | Reached XP level 1. HP: 13/13 MP: 3/3
   618 | D:1      | Reached XP level 2. HP: 15/15 MP: 5/5
   621 | D:1      | Learned a level 2 spell: Ensorcelled Hibernation
   780 | D:1      | Reached skill level 5 in Stealth
  1190 | D:1      | Reached XP level 3. HP: 19/19 MP: 6/6
  1329 | D:1      | Learned a level 3 spell: Confusing Touch
  1800 | D:2      | Reached skill level 5 in Hexes
  1877 | D:2      | You fall into a shaft and drop 2 floors!
  1882 | D:4      | Reached XP level 4. HP: 24/24 MP: 7/7
  1918 | D:4      | Noticed Eustachio
  1920 | D:4      | Noticed Sigmund
  1932 | D:4      | Noticed an ogre
  1959 | D:4      | Killed an ogre
  1960 | D:4      | Reached skill level 6 in Stealth
  1960 | D:4      | Reached XP level 5. HP: 16/28 MP: 7/9
  1966 | D:4      | HP: 1/28 [white imp[Eustachio] (1)]
  1969 | D:4      | Killed from afar by Sigmund

Illustrated notes

Levels and vault maps discovered:
D:1:      minmay_arrival_shattered_statue, layout_basic
D:2:      layout_basic, nicolae_overflow_crystal_walls
D:4:      layout_basic, minmay_temple_entry_ruins, uniq_sigmund, uniq_menkaure,
          uniq_eustachio

Skill      XL: |  1  2  3  4 |
---------------+-------------+-----
Stealth        | 5 6 |  6.0
Hexes          | 5 |  5.5
Dodging        | 3 |  3.2
Fighting       | |  0.7
Short Blades   | |  1.6
Spellcasting   | |  2.8

Action                   |  1- 3 |  4- 6 || total
-------------------------+-------+-------++-------
Melee: Dagger            |    90 |     8 ||    98
       Bite              |     2 |     2 ||     4
 Cast: Ensorcelled Hiber |    15 |     3 ||    18
 Abil: Exsanguinate      |     1 |       ||     1
  Use: Scroll            |     5 |     2 ||     7
       Potion            |       |     3 ||     3
 Stab: Sleeping          |    22 |     1 ||    23
Armor: Robe              |    14 |     5 ||    19
Dodge: Dodged            |    68 |    24 ||    92
